 Dungeon Crawl Stone Soup version 0.22-a0-162-g33bf127 (webtiles) character file.

15866 vishdafish the Carver (level 12, -10/156 HPs)
             Began as a Purple Draconian Berserker on Feb 12, 2018.
             Was a High Priest of Trog.
             Mangled by Snorg (14 damage)
             ... on level 1 of the Orcish Mines.
             The game lasted 00:39:19 (14571 turns).

vishdafish the Carver (Purple Draconian Berserker) Turns: 14571, Time: 00:39:21

Health: -10/156    AC: 12    Str: 26    XL:     12   Next: 5%
Magic:  20/20      EV: 16    Int:  8    God:    Trog [*****.]
Gold:   1061       SH:  0    Dex: 12    Spells: 11/11 levels left

rFire    . . .     SeeInvis .   M - +7 Screaming Sword
rCold    + . .     Gourm    +   (no shield)
rNeg     + . .     Faith    .   (armour unavailable)
rPois    .         Spirit   .   (helmet restricted)
rElec    .         Reflect  .   v - +0 cloak
rCorr    .         Harm     .   K - +1 pair of gloves
MR       +....                  E - +0 pair of boots
Stlth    ..........             D - amulet of the gourmand
HPRegen  0.36/turn              f - ring of flight
MPRegen  0.17/turn              u - ring of positive energy

@: berserking (expiring), very quick
A: breathe power, unfitting armour, fangs 1, stinger 1, clumsy 1, cold
resistance 1, cold-blooded, AC +8
a: Breathe Dispelling Energy, Berserk, Trog's Hand, Brothers in Arms, Burn
Spellbooks, Renounce Religion, Evoke Flight


You were on level 1 of the Orcish Mines.
You worshipped Trog.
Trog was extremely pleased with you.
You were full.

You visited 2 branches of the dungeon, and saw 13 of its levels.
You also visited: Ossuary.

You collected 1194 gold pieces.
You spent 133 gold pieces at shops.

Inventory:

Hand Weapons
 a - a +1 falchion
 w - a +3 great sword of protection
 M - the +7 Screaming Sword (weapon)
   (You found it on level 7 of the Dungeon)
 N - a +6 antimagic long sword
 O - a +3 hunting sling
 Q - the +7 triple sword "Sipyoh" {drain, rN+}
   (Trog gifted it to you on level 11 of the Dungeon)

   A truly terrible weapon, it drains the life of those it strikes.
   It protects you from negative energy.
Missiles
 J - a throwing net (quivered)
 P - 51 sling bullets
Armour
 d - a +0 buckler
 v - a +0 cloak (worn)
 E - a +0 pair of boots (worn)
 K - a +1 pair of gloves (worn)
Jewellery
 f - a ring of flight (left hand)
 p - an uncursed ring of wizardry
 u - a ring of positive energy (right hand)
 D - an amulet of the gourmand (around neck)
Wands
 F - a wand of random effects (27)
 I - a wand of polymorph (16)
Scrolls
 b - 4 scrolls of teleportation
 c - 2 scrolls of immolation {unknown}
 g - 3 scrolls of amnesia {unknown}
 k - 2 scrolls of enchant armour {unknown}
 q - a scroll of enchant weapon
 r - 7 scrolls of remove curse
 s - a scroll of blinking
 y - a scroll of fear {unknown}
 B - 2 scrolls of fog
 G - 4 scrolls of magic mapping
 L - a scroll of random uselessness
Potions
 e - 7 potions of curing
 h - 2 potions of might
 i - 5 potions of heal wounds
 j - 3 potions of flight
 l - a potion of berserk rage {unknown}
 m - 2 potions of agility {unknown}
 n - 2 potions of resistance
 t - a potion of ambrosia {unknown}
 x - 2 potions of lignification {unknown}
 z - 3 potions of haste {unknown}
 A - 2 potions of brilliance {unknown}
 C - a potion of invisibility
Books
 H - a book of Geomancy

   Spells                             Type                      Level
   a - Sandblast                      Earth                        1
   b - Passwall                       Transmutation/Earth          2
   c - Stone Arrow                    Conjuration/Earth            3
   d - Petrify                        Transmutation/Earth          4
   e - Lee's Rapid Deconstruction     Earth                        5
   Trog disapproves of the use of such an item.
 S - a book of Geomancy

   Spells                             Type                      Level
   a - Sandblast                      Earth                        1
   b - Passwall                       Transmutation/Earth          2
   c - Stone Arrow                    Conjuration/Earth            3
   d - Petrify                        Transmutation/Earth          4
   e - Lee's Rapid Deconstruction     Earth                        5
   Trog disapproves of the use of such an item.
Comestibles
 o - 30 rations


   Skills:
 + Level 9.3 Fighting
 * Level 11.8 Long Blades
 + Level 8.0 Dodging
 - Level 4.0 Shields
 * Level 11.4 Evocations


You had 11 spell levels left.
You didn't know any spells.

Dungeon Overview and Level Annotations

Branches:
Dungeon (11/15)            Temple (0/1) D:7            Lair (0/6) D:8
    Orc (2/2) D:9
    Elf: Orc:2

Altars:
Ashenzari
Beogh

Shops:
D:4 [   D:11 (   Orc:1 ?

Annotations:
Orc:1 Snorg
Orc:2 Erolcha


Innate Abilities, Weirdness & Mutations

You can breathe bolts of dispelling energy.
Your rich purple scales are hard. (AC +8)
You cannot fit into any form of body armour.
You are cold-blooded and may be slowed by cold attacks.
You have very sharp teeth.
Your tail ends in a poisonous barb.
You are clumsy. (Dex -2)
Your flesh is cold resistant. (rC+)


Message History

You closely miss Snorg.
Snorg is severely wounded.
Snorg bites you!
* * * LOW HITPOINT WARNING * * *
Snorg claws you!
* * * LOW HITPOINT WARNING * * *
Snorg claws you!
* * * LOW HITPOINT WARNING * * *
You are too berserk!
You are too berserk!
You slash Snorg! Your bite misses Snorg.
Snorg is severely wounded.
Snorg bites you!
* * * LOW HITPOINT WARNING * * *
Snorg misses you. Snorg completely misses you.
You are too berserk!
You slice Snorg!!
Snorg is almost dead.
Snorg bites you!
You die...

##.....#..........#...##...
##.#..........####........
###.....#.#..## ####.....
##.##.....####.## #....#
#.........###...# ####.....
##.....#.)..#...###......[.
###...#.)[......#.....##).
#....####[T..#.##....###..
#.#...##.@..#####.....#...
###...#.[.###.#.##........
#......###.....##.......
###...####....####......
#.......###....##......#
##......###..#...#......#
#....##......#...........
##..#..#....####.....###..
####.#..................#....


You could see Snorg (berserk).

Vanquished Creatures
  3 two-headed ogres
  The ghost of anet the Vexing, a novice DEWz of Ashenzari (D:8)
  Pikel (D:7)
  An ugly thing (D:11)
  An orc knight (D:9)
  A cyclops (D:11)
  Joseph (D:8)
  Psyche (D:8)
  A gargoyle (D:11)
  A komodo dragon (D:10)
  A queen bee (D:11)
  2 trolls
  A hornet (D:11)
  Prince Ribbit (D:10)
  A slime creature (D:10)
  2 hippogriffs
  A vampire (D:8)
  A shadow (D:11)
  3 wyverns
  A hungry ghost (D:9)
  Menkaure (Ossuary)
  A water moccasin (D:10)
  A black bear (D:5)
  3 ice beasts
  A sky beast (D:9)
  An eye of draining (D:11)
  9 ogres
  9 orc warriors
  2 phantoms
  6 centaurs
  A big kobold (D:10)
  A crocodile (D:11)
  Blork the orc (D:6)
  5 bullfrogs
  A wyvern skeleton (D:9)
  4 scorpions
  8 wights
  35 killer bees
  A howler monkey (D:6)
  4 crimson imps
  A quasit (D:10)
  A bullfrog zombie (D:5)
  Crazy Yiuf (D:3)
  A bullfrog skeleton (D:11)
  2 centaur skeletons
  7 jellies
  A gnoll shaman (D:8)
  15 orc priests
  6 hounds
  An iguana (D:6)
  16 orc wizards
  5 worker ants
  A killer bee zombie (D:10)
  3 mummies (Ossuary)
  2 howler monkey zombies
  12 adders
  9 gnolls
  A shadow imp (D:8)
  14 oozes
  3 adder skeletons (D:5)
  2 worms
  5 dart slugs
  4 leopard geckos
  58 orcs
  2 ball pythons
  6 giant cockroaches
  5 gnoll zombies (Ossuary)
  4 goblins
  7 hobgoblins
  4 jackals (D:4)
  17 kobolds
  3 quokkas
  18 bats
  2 frilled lizards
  2 gnoll skeletons (Ossuary)
  2 goblin skeletons (Ossuary)
  2 goblin zombies (Ossuary)
  3 hobgoblin skeletons (Ossuary)
  3 hobgoblin zombies (Ossuary)
  A kobold skeleton (Ossuary)
  2 kobold zombies (Ossuary)
  An orc skeleton (Ossuary)
  2 orc zombies (Ossuary)
  8 rats
  4 rat skeletons (Ossuary)
  2 rat zombies (Ossuary)
392 creatures vanquished.

Vanquished Creatures (others)
  A centaur (D:7)
  A gnoll zombie (Ossuary)
  A gnoll skeleton (Ossuary)
  2 goblin skeletons (Ossuary)
  2 goblin zombies (Ossuary)
  3 hobgoblin skeletons (Ossuary)
  2 hobgoblin zombies (Ossuary)
  3 kobold skeletons (Ossuary)
  4 kobold zombies (Ossuary)
  2 orc skeletons (Ossuary)
  A rat skeleton (Ossuary)
  14 fungi
  3 plants (D:7)
39 creatures vanquished.

Grand Total: 431 creatures vanquished

Notes
Turn   | Place    | Note
-------+----------+-------------------------------------------
     0 | D:1      | vishdafish the Draconian Berserker began the quest for the Orb.
     0 | D:1      | Reached XP level 1. HP: 19/19 MP: 1/1
    93 | D:1      | Reached XP level 2. HP: 26/26 MP: 2/2
   378 | D:1      | Reached XP level 3. HP: 26/31 MP: 3/3
   778 | D:2      | Reached ** piety under Trog
   850 | D:2      | Reached skill level 1 in Shields
  1627 | D:3      | Reached XP level 4. HP: 40/40 MP: 4/4
  2377 | D:3      | Found a shattered altar of Ashenzari.
  2445 | D:3      | HP: 1/60 [orc priest/divine providence (13)]
  2446 | D:3      | Reached XP level 5. HP: 1/46 MP: 5/5
  2778 | D:3      | Found a runed door.
  2782 | D:3      | Noticed Crazy Yiuf
  2788 | D:3      | Killed Crazy Yiuf
  2916 | D:4      | Reached *** piety under Trog
  2989 | D:4      | Found Xiurodopt's Antique Armour Shop.
  3122 | D:4      | Reached XP level 6. HP: 27/52 MP: 6/6
  3233 | D:4      | Paralysed by an orc priest for 3 turns
  3490 | D:3      | Reached skill level 5 in Long Blades
  4127 | D:5      | Entered Level 5 of the Dungeon
  4163 | D:5      | Your scales start taking on a rich purple colour.
  4163 | D:5      | Reached XP level 7. HP: 57/59 MP: 7/7
  4291 | D:5      | Reached skill level 1 in Evocations
  4481 | D:5      | Found a sand-covered staircase.
  4487 | Ossuary  | Entered an ossuary
  4507 | Ossuary  | Gained mutation: You occasionally shout uncontrollably at your foes. [potion of mutation]
  4507 | Ossuary  | Gained mutation: Scrolls take you a little longer to read. [potion of mutation]
  4507 | Ossuary  | Gained mutation: You are covered in fur. (AC +1) [potion of mutation]
  4508 | Ossuary  | Lost mutation: You are covered in fur. (AC +1) [potion of mutation]
  4508 | Ossuary  | Lost mutation: Scrolls take you a little longer to read. [potion of mutation]
  4508 | Ossuary  | Gained mutation: Your magical capacity is low. (-10% MP) [potion of mutation]
  4508 | Ossuary  | Gained mutation: You do not regenerate when monsters are visible. [potion of mutation]
  4508 | Ossuary  | Gained mutation: Your muscles are strong. (Str +2) [potion of mutation]
  4508 | Ossuary  | Gained mutation: You are resistant to hostile enchantments. (MR+) [potion of mutation]
  4509 | Ossuary  | Lost mutation: You occasionally shout uncontrollably at your foes. [potion of mutation]
  4509 | Ossuary  | Lost mutation: You do not regenerate when monsters are visible. [potion of mutation]
  4509 | Ossuary  | Lost mutation: Your muscles are strong. (Str +2) [potion of mutation]
  4509 | Ossuary  | Gained mutation: Your magical capacity is very low. (-20% MP) [potion of mutation]
  4509 | Ossuary  | Lost mutation: Your magical capacity is very low. (-20% MP) [potion of mutation]
  4509 | Ossuary  | Gained mutation: You have very sharp teeth. [potion of mutation]
  4532 | Ossuary  | Reached **** piety under Trog
  4790 | Ossuary  | Noticed Menkaure
  4795 | Ossuary  | Killed Menkaure
  5459 | D:6      | Reached XP level 8. HP: 67/67 MP: 9/9
  5647 | D:6      | Reached skill level 5 in Fighting
  6085 | D:6      | Noticed Blork the orc
  6092 | D:6      | Killed Blork the orc
  6338 | D:7      | Reached skill level 5 in Dodging
  6441 | D:7      | Reached skill level 5 in Evocations
  6491 | D:7      | Noticed Pikel
  6498 | D:7      | Killed Pikel
  6498 | D:7      | Reached XP level 9. HP: 75/75 MP: 10/11
  7168 | D:7      | Found a staircase to the Ecumenical Temple.
  7325 | D:7      | Reached ***** piety under Trog
  7489 | D:7      | Found the +7 Singing Sword
  7796 | D:8      | Noticed Psyche
  7797 | D:8      | Noticed a two-headed ogre
  7809 | D:8      | Noticed anet's ghost (novice DEWz)
  7810 | D:8      | Killed Psyche
  7815 | D:8      | Killed a two-headed ogre
  7815 | D:8      | Reached XP level 10. HP: 86/86 MP: 12/14
  7821 | D:8      | Killed anet's ghost
  8139 | D:8      | Lost mutation: You are resistant to hostile enchantments. (MR+) [potion of mutation]
  8139 | D:8      | Lost mutation: Your magical capacity is low. (-10% MP) [potion of mutation]
  8139 | D:8      | Gained mutation: You are clumsy. (Dex -2) [potion of mutation]
  8139 | D:8      | Gained mutation: Your flesh is cold resistant. (rC+) [potion of mutation]
  8139 | D:8      | Gained mutation: Your tail ends in a poisonous barb. [potion of mutation]
  8143 | D:8      | Noticed Joseph
  8164 | D:8      | Killed Joseph
  8164 | D:8      | Received a gift from Trog
  8630 | D:8      | Found a staircase to the Lair.
  8919 | D:9      | Found a staircase to the Orcish Mines.
  8934 | D:9      | Reached skill level 10 in Long Blades
  9139 | D:9      | Found a roughly hewn altar of Beogh.
  9722 | D:10     | Entered Level 10 of the Dungeon
  9924 | D:10     | Noticed Prince Ribbit
  9936 | D:10     | Killed Prince Ribbit
 10230 | D:10     | Reached XP level 11. HP: 94/94 MP: 18/18
 11192 | D:10     | Reached skill level 10 in Evocations
 11367 | D:11     | Found Fuapuem's Antique Weapon Shoppe.
 11739 | D:11     | Noticed a two-headed ogre
 11745 | D:11     | Killed a two-headed ogre
 11901 | D:11     | Noticed a two-headed ogre
 11911 | D:11     | Killed a two-headed ogre
 11914 | D:11     | Received a gift from Trog
 11926 | D:11     | Got an iridescent triple sword {god gift}
 11935 | D:11     | Identified the +7 triple sword "Sipyoh" {drain, rN+} (Trog gifted it to you on level 11 of the Dungeon)
 11971 | D:11     | Noticed a purple ugly thing
 11975 | D:11     | Killed a purple ugly thing
 13160 | Orc:1    | Entered Level 1 of the Orcish Mines
 13440 | Orc:1    | Found a roughly hewn altar of Beogh.
 13440 | Orc:1    | Noticed an orc knight
 13459 | D:9      | Killed an orc knight
 13556 | Orc:1    | Reached XP level 12. HP: 97/104 MP: 20/20
 13564 | Orc:1    | Found Suseor's Magic Scroll Emporium.
 13574 | Orc:1    | Bought a scroll of blinking for 105 gold pieces
 13574 | Orc:1    | Bought a scroll of fog for 28 gold pieces
 13874 | Orc:1    | Received a gift from Trog
 13988 | Orc:2    | Entered Level 2 of the Orcish Mines
 14029 | Orc:2    | Noticed Snorg
 14030 | Orc:2    | Noticed Erolcha
 14186 | Orc:1    | HP: 4/104 [something (7)]
 14570 | Orc:1    | HP: 4/156 [Snorg (7)]
 14571 | Orc:1    | Mangled by Snorg

Vault maps used:
D:1:      evilmike_arrival_crescent, minmay_tripent
D:3:      cheibrodos_helix_gallery, cheibrodos_ashenzari_chains,
          uniq_crazy_yiuf_cottage
D:4:      serial_shops, shop
D:5:      black_bear_nest_1, first_ration, lightli_ossuary_entry_decrepit_ruins,
          glass_columns_c, minmay_misc_feat_doors
D:6:      amethyst_killhole, uniq_blork_the_orc
D:7:      old_forge, minmay_temple_entry_purple_smoke, grunt_ogre_cave,
          kennysheep_generic_room_15, uniq_pikel
D:8:      lair_entry_dummy, uniq_psyche, uniq_joseph, uniq_prince_ribbit1
D:9:      minmay_orc_entry_temple_small
D:10:     lemuel_slime
D:11:     special_room, serial_shops, shop, kennysheep_small_circle
Orc:1:    basic_altar, serial_shops, nicolae_shop_stone
Orc:2:    st_orc_rangers, serial_shops, shop, shop, shop, nicolae_shop_crystal,
          bloody_trog, uniq_snorg, uniq_erolcha
Ossuary:  ossuary_due_pyramid

Skill      XL: |  1  2  3  4  5  6  7  8  9 10 11 12 |
---------------+-------------------------------------+-----
Dodging        | 3 4 5 6 7 8 |  8.0
Shields        | 1 2 3 4 |  4.0
Long Blades    | 4 5 6 7 9 10 11 | 11.8
Fighting       | 4 5 7 8 9 |  9.3
Evocations     | 3 5 7 9 11 | 11.4

Action                   |  1- 3 |  4- 6 |  7- 9 | 10-12 || total
-------------------------+-------+-------+-------+-------++-------
Melee: Falchion          |    97 |   177 |   326 |       ||   600
       Tailslap          |    12 |    31 |    59 |    59 ||   161
       Bite              |       |       |    35 |    42 ||    77
       Double sword      |       |       |    20 |   413 ||   433
Throw: Throwing net      |       |       |       |     1 ||     1
Invok: Berserk           |     3 |     8 |    16 |    17 ||    44
       Burn Spellbooks   |       |       |     1 |       ||     1
 Abil: Breathe Dispellin |       |       |     5 |     7 ||    12
Evoke: Wand              |       |       |     6 |    12 ||    18
  Use: Scroll            |       |       |     9 |     9 ||    18
       Potion            |       |       |     3 |     1 ||     4
 Stab: Sleeping          |     1 |       |     2 |       ||     3
       Paralysed         |       |       |     5 |     9 ||    14
       Held in net/web   |       |       |     1 |       ||     1
       Confused          |       |       |       |     1 ||     1
  Eat: Ration            |     1 |     2 |     2 |       ||     5
       Chunk             |       |    10 |    28 |    41 ||    79
Armor: Skin              |    24 |    45 |    96 |   105 ||   270
Dodge: Dodged            |    45 |   103 |   147 |   309 ||   604
Block: Buckler           |     9 |    34 |    65 |    38 ||   146
       Rpst.: Falchion   |    15 |    28 |    42 |       ||    85
       Double sword      |       |       |     1 |    85 ||    86

Table legend:
 A = Spawn XP
 B = Non-spawn XP
 C = Spawn XP percentage of total XP
 D = Spawn monster count
 E = Non-spawn monster count
 F = Spawn count percentage of total count
 G = Total turns spent on level
                    A         B        C        D         E        F      G
               +---------+---------+-------+---------+---------+-------+---------
         Total |       0 |   22666 |   0.0 |       0 |     384 |   0.0 | 14571
               +---------+---------+-------+---------+---------+-------+---------
           D:1 |       0 |      51 |   0.0 |       0 |      21 |   0.0 |   898
           D:2 |       0 |      42 |   0.0 |       0 |      22 |   0.0 |   721
           D:3 |       0 |     231 |   0.0 |       0 |      27 |   0.0 |  1376
           D:4 |       0 |     337 |   0.0 |       0 |      21 |   0.0 |  1132
           D:5 |       0 |     585 |   0.0 |       0 |      22 |   0.0 |   889
           D:6 |       0 |     886 |   0.0 |       0 |      20 |   0.0 |   967
           D:7 |       0 |    1858 |   0.0 |       0 |      27 |   0.0 |  1149
           D:8 |       0 |    4007 |   0.0 |       0 |      25 |   0.0 |  1224
           D:9 |       0 |    2566 |   0.0 |       0 |      38 |   0.0 |  1674
          D:10 |       0 |    3091 |   0.0 |       0 |      56 |   0.0 |  1627
          D:11 |       0 |    7851 |   0.0 |       0 |      56 |   0.0 |  1766
         Orc:1 |       0 |     809 |   0.0 |       0 |      19 |   0.0 |   665
         Orc:2 |       0 |     220 |   0.0 |       0 |       5 |   0.0 |    59
       Ossuary |       0 |     132 |   0.0 |       0 |      25 |   0.0 |   424
               +---------+---------+-------+---------+---------+-------+---------
